Map: Ulrena

Players

Serral

  • Race: Zerg Zerg
  • League: Master

INnoVation - Winner!

  • Race: Terran Terran

Event: NationWars III

VOD

Have the link to the VOD?

Description

Time

  • Played on: Dec. 12, 2015, 4:15 p.m.
  • Length: 15:07

All games in this series

Show
View Real Time Build Order
Export as new Build Order

Serral Zerg 

Build Orders: Hatch First 

Get SALT Encoding   

  12  0:01  Drone  
  13  0:12  Overlord  
  13  0:18  Drone  
  14  0:30  Drone  
  14  0:31  Drone  
  14  0:35  Drone  
  17  0:52  Hatchery  
  17  0:56  Drone  
  17  0:58  Extractor  
  17  1:00  Drone  
  17  1:14  Spawning Pool  
  17  1:17  Drone  
  17  1:22  Drone  
  18  1:32  Drone  
  19  1:41  Overlord  
  19  2:01  Metabolic Boost, Queen  
  19  2:02  Zergling x4  
  19  2:07  Queen  
  25  2:13  Overlord  
  25  2:17  Zergling x2  
  26  2:26  Drone x3  
  29  2:38  Zergling x2  
  29  2:42  Queen  
  29  2:43  Drone  
  32  2:48  Drone  
  33  2:54  Drone  
  33  2:57  Drone  
  35  3:06  Hatchery  
  35  3:08  Drone  
  35  3:10  Drone  
  36  3:13  Drone  
  37  3:20  Queen  
  37  3:23  Drone  
  40  3:29  Drone x3  
  40  3:32  Drone  
  44  3:41  Roach Warren  
  43  3:43  Overlord  
  43  3:47  Overlord  
  43  3:56  Extractor, Queen  
  43  3:59  Overlord  
  43  4:02  Drone x2  
  46  4:04  Drone  
  46  4:09  Drone x3  
  50  4:16  Overlord  
  50  4:21  Roach x3  
  58  4:24  Roach  
  58  4:29  Queen  
  60  4:31  Drone  
  60  4:35  Drone x2  
  60  4:36  Drone, Extractor  
  63  4:42  Lair  
  63  4:49  Drone x4  
  63  4:52  Overlord  
  67  4:55  Drone  
  67  4:58  Overlord  
  68  5:00  Overlord  
  68  5:05  Overlord  
  68  5:13  Ravager x3  
  71  5:17  Ravager  
  71  5:19  Drone x3  
  71  5:20  Zergling x10  
  71  5:21  Extractor  
  79  5:35  Roach x5  
  87  5:40  Overlord  
  86  5:45  Overlord  
  86  5:51  Roach  
  86  5:52  Roach x2  
  86  5:54  Drone x2  
  86  5:55  Drone x2  
  96  6:00  Roach x2  
  96  6:02  Drone x2  
  102  6:06  Overlord  
  102  6:08  Drone  
  102  6:09  Drone  
  104  6:14  Overlord  
  104  6:19  Evolution Chamber, Drone x3, Glial Reconstitution  
  104  6:20  Evolution Chamber  
  104  6:24  Pneumatized Carapace  
  100  6:26  Drone x3  
  103  6:33  Drone  
  103  6:34  Drone x3  
  107  6:40  Overlord x2  
  107  6:42  Overseer  
  107  6:46  Extractor  
  106  6:47  Zerg Missile Weapons Level 1, Infestation Pit, Extractor  
  106  6:48  Zerg Ground Armor Level 1  
  106  6:52  Drone x3  
  107  6:54  Drone x2  
  109  7:01  Drone  
  109  7:02  Drone x2  
  112  7:20  Hatchery  
  111  7:26  Overlord  
  111  7:29  Hive, Infestor x3  
  117  7:32  Drone x3  
  117  7:33  Drone x7  
  128  7:44  Spore Crawler, Spine Crawler, Drone x3  
  130  7:51  Ravager x2  
  130  7:54  Roach x4, Zergling x12  
  144  8:03  Extractor  
  143  8:06  Extractor  
  143  8:08  Drone x3  
  143  8:09  Drone  
  146  8:18  Overlord x4  
  146  8:25  Ravager x7  
  151  8:28  Overlord  
  151  8:31  Overlord  
  151  8:32  Roach  
  151  8:33  Roach x3  
  159  8:38  Roach x6  
  154  8:48  Roach x2  
  154  8:49  Roach  
  154  8:54  Ravager x2  
  154  8:55  Ravager x2  
  162  8:56  Queen  
  162  8:57  Spine Crawler  
  162  8:58  Drone  
  162  9:00  Spine Crawler  
  142  9:11  Roach x12  
  142  9:14  Ravager x2  
  164  9:21  Infestor  
  162  9:24  Roach x2  
  162  9:25  Roach  
  157  9:33  Roach x3  
  157  9:34  Roach x2  
  150  9:38  Roach x3  
  150  9:39  Roach x4  
  150  9:42  Ravager  
  159  9:48  Roach x3  
  159  9:49  Roach  
  158  9:57  Roach x2  
  158  10:03  Ravager  
  158  10:04  Ravager x4  
  158  10:05  Roach  
  136  10:16  Roach x7  
  136  10:17  Roach x3  
  144  10:22  Roach x5, Zergling x4  
  146  10:29  Roach x2  
  144  10:39  Roach x6  
  144  10:42  Queen x2  
  139  10:48  Roach x6  
  148  10:52  Queen  
  150  10:58  Infestor x2  
  154  11:14  Ravager x5  
  159  11:18  Zergling x2  
  159  11:19  Zergling x18  
  169  11:27  Zerg Missile Weapons Level 2  
  169  11:30  Hatchery, Zerg Ground Armor Level 2  
  168  11:41  Roach x6  
  168  11:45  Roach x3  
  186  11:51  Ravager x2  
  185  11:59  Roach  
  185  12:00  Roach x4  
  191  12:07  Roach x3  
  191  12:08  Roach x2  
  187  12:19  Ultralisk Cavern  
  184  12:24  Drone x8  
  192  12:32  Ravager x2  
  192  12:33  Ravager x3  
  192  12:36  Drone x3  
  192  12:46  Queen  
  192  12:49  Extractor  
  192  12:50  Spine Crawler, Extractor  
  191  12:53  Roach  
  191  12:54  Spire, Roach x5  
  194  13:08  Chitinous Plating  
  186  13:26  Evolution Chamber  
  183  13:31  Ultralisk x2  
  195  13:38  Ultralisk  
  199  13:47  Hatchery  
  175  13:49  Roach x10  
  175  13:50  Roach x3  
  193  14:04  Queen x2  
  193  14:05  Queen x2  
  195  14:16  Roach x3  
  195  14:17  Roach  
  150  14:34  Roach x11  
Show
View Real Time Build Order
Export as new Build Order

INnoVation Terran - Winner!

Build Orders: Liberator Opening, Reaper Expand, Bio Tank 

Get SALT Encoding   

  12  0:00  SCV  
  13  0:13  SCV  
  14  0:17  Supply Depot  
  14  0:25  SCV  
  15  0:39  SCV  
  15  0:41  Barracks  
  16  0:44  Refinery  
  16  0:51  SCV  
  17  1:03  SCV  
  18  1:15  SCV  
  19  1:28  Reaper, Orbital Command  
  20  1:40  Command Center  
  20  1:50  Supply Depot  
  20  1:53  SCV  
  21  2:00  Marine  
  22  2:06  SCV  
  22  2:08  Factory  
  23  2:16  Refinery  
  23  2:18  SCV  
  23  2:21  Barracks Reactor  
  24  2:30  SCV  
  25  2:42  SCV  
  26  2:52  Starport, Orbital Command  
  26  2:54  SCV  
  27  3:01  Hellion x2  
  31  3:06  SCV  
  31  3:07  Barracks Tech Lab  
  31  3:08  Supply Depot  
  32  3:18  SCV  
  32  3:19  SCV  
  34  3:26  Liberator  
  34  3:32  Marine x2  
  35  3:34  Siege Tank  
  35  3:36  SCV x2  
  35  3:38  Supply Depot  
  40  3:48  SCV x2  
  45  3:49  Marine  
  45  3:50  Marine  
  47  4:01  SCV x2  
  49  4:03  Supply Depot  
  49  4:07  Siege Tank, Marine x2  
  54  4:13  SCV x2  
  56  4:25  SCV x2, Marine x2  
  56  4:26  Supply Depot  
  60  4:39  Siege Tank  
  60  4:41  Command Center  
  60  4:42  SCV x2  
  60  4:45  Marine x2  
  67  4:48  Supply Depot  
  67  4:53  Refinery, Medivac  
  67  4:55  Refinery  
  69  5:02  SCV x2  
  69  5:03  Marine x2  
  73  5:13  Siege Tank  
  77  5:14  SCV x2  
  77  5:16  Barracks x2  
  78  5:21  Marine  
  78  5:23  Marine  
  78  5:24  Supply Depot  
  80  5:32  Engineering Bay  
  80  5:34  SCV x2, Engineering Bay  
  80  5:42  Marine x2  
  81  5:47  SCV x2  
  77  5:50  Starport Reactor  
  77  5:52  Siege Tank  
  79  5:59  SCV x2  
  79  6:02  Orbital Command  
  77  6:05  Barracks Tech Lab  
  77  6:06  Barracks Tech Lab  
  77  6:11  Terran Infantry Weapons Level 1, Terran Infantry Armor Level 1  
  75  6:13  SCV  
  75  6:15  SCV  
  77  6:25  SCV  
  77  6:26  Combat Shields  
  77  6:27  SCV, Stimpack  
  77  6:32  Barracks  
  75  6:33  Barracks  
  75  6:38  Orbital Command  
  75  6:39  SCV x2  
  77  6:43  Siege Tank  
  82  6:47  Marauder x2  
  82  6:49  Marine  
  82  6:50  Marine  
  82  6:53  Supply Depot, SCV x2  
  88  6:59  Medivac x2  
  92  7:04  SCV  
  92  7:05  SCV x2  
  92  7:07  Missile Turret  
  97  7:08  Marauder x2  
  97  7:12  Marine x2  
  101  7:16  SCV  
  101  7:17  SCV, Refinery  
  101  7:18  SCV  
  101  7:20  Refinery, Siege Tank  
  107  7:28  Barracks Reactor, Barracks Tech Lab  
  106  7:30  Marauder x2  
  106  7:31  Medivac  
  106  7:32  SCV x2  
  106  7:34  SCV  
  106  7:35  Medivac  
  116  7:41  Supply Depot  
  116  7:42  Supply Depot  
  116  7:46  SCV, Armory  
  117  8:02  SCV x2, Concussive Shells, Marine x2  
  117  8:03  Marauder x2  
  117  8:04  Supply Depot, Siege Tank, Marauder  
  130  8:06  Supply Depot  
  130  8:07  SCV  
  130  8:09  Medivac  
  130  8:12  Supply Depot  
  133  8:26  SCV x2, Marauder x2, Medivac  
  141  8:27  SCV  
  141  8:28  Marauder  
  144  8:37  Siege Tank  
  144  8:38  SCV x2  
  144  8:40  SCV  
  140  8:47  Marauder  
  140  8:48  Marauder  
  137  8:49  Marauder, Marine x4  
  137  8:50  SCV  
  137  8:51  SCV  
  137  8:52  SCV  
  137  8:54  Medivac  
  148  8:56  Medivac  
  148  9:00  Supply Depot  
  148  9:02  SCV  
  151  9:03  Supply Depot  
  151  9:09  Marauder  
  153  9:10  Marauder  
  153  9:11  Marine x4, Marauder  
  153  9:15  Terran Infantry Armor Level 2  
  157  9:18  Terran Infantry Weapons Level 2  
  150  9:35  Marauder, Marine x2  
  150  9:36  Marine, Marauder x2  
  142  9:42  Medivac x2  
  142  9:44  Siege Tank  
  148  9:55  Marine x4  
  148  9:56  SCV x3  
  148  9:57  Marauder x3  
  150  10:12  Medivac  
  144  10:15  Marine  
  144  10:16  Siege Tank, Marine x3  
  144  10:18  Marauder x3  
  142  10:33  Marine x2  
  142  10:34  Marine x2  
  144  10:40  Marauder x3  
  144  10:42  Medivac x2  
  137  10:48  Siege Tank  
  122  10:59  Barracks x2  
  122  11:00  Barracks  
  122  11:03  Command Center  
  122  11:10  Marauder x3  
  128  11:13  Marine x4  
  132  11:21  Medivac x2  
  132  11:23  Siege Tank  
  139  11:30  Marine  
  139  11:31  Marauder x3, Marine x3  
  149  11:34  Terran Infantry Armor Level 3  
  149  11:35  Terran Infantry Weapons Level 3  
  149  11:48  Marine x2  
  149  11:49  Barracks Tech Lab, Marine x2  
  149  11:50  Barracks Tech Lab x2  
  149  11:53  Marauder x3  
  155  12:08  Marauder  
  137  12:09  Marine x4  
  137  12:10  Marine  
  137  12:12  Siege Tank, Marauder  
  137  12:13  Medivac x2  
  137  12:14  SCV, Marauder x3  
  137  12:15  SCV x2  
  156  12:27  Marine x2  
  156  12:28  Marauder  
  156  12:29  Marauder  
  159  12:33  Marauder  
  159  12:35  Marauder x2  
  159  12:36  Marauder  
  166  12:37  Planetary Fortress  
  166  12:41  SCV  
  166  12:42  SCV x2  
  169  12:48  Refinery x2  
  169  12:49  Liberator  
  169  12:50  Marauder  
  169  12:51  Siege Tank  
  174  12:55  Liberator  
  174  13:00  Marauder x4  
  174  13:03  Marauder  
  186  13:13  Supply Depot  
  186  13:16  Marauder  
  191  13:21  Marauder  
  191  13:23  Siege Tank  
  195  13:32  Marine  
  196  13:34  Marine  
  196  13:35  Marauder  
  199  13:41  Marauder  
  199  13:44  Marauder  
  199  13:45  Marauder  
  178  13:49  Medivac, Marauder x2  
  184  13:55  Medivac  
  184  13:56  Marauder  
  184  13:57  Siege Tank  
  184  13:58  Marine x2  
  184  14:00  Marine x2  
  192  14:03  Marauder  
  192  14:05  Marauder  
  192  14:06  Marauder  
  194  14:11  Marauder x2  
  190  14:17  Marauder  
  190  14:19  Medivac, Marine x2  
  190  14:25  Medivac  
  170  14:31  Siege Tank  
  170  14:33  Marauder  
  170  14:35  Marauder  
  175  14:39  Marauder  
Tags
 
Add a new tag
Caveats
  • Supply blocks, unpowered buildings, or Contaminate may cause inaccurate times.
  • Supply counts are checked every 10 seconds.